 Dungeon Crawl Stone Soup version 0.30-a0-347-gf58ed5266c (webtiles) character file.

Game seed: 5255786636609628185

839 avis the Shooter (level 7, -11/57 HPs)
             Began as a Demigod Ice Elementalist on Nov 6, 2022.
             Mangled by an ogre
             ... wielding a +0 giant spiked club
              (32 damage)
             ... on level 5 of the Dungeon.
             The game lasted 00:31:32 (4832 turns).

avis the Shooter (Demigod Ice Elementalist)         Turns: 4832, Time: 00:31:36

Health: -11/57     AC:  9    Str:  9    XL:     7   Next: 39%
Magic:  12/14      EV:  9    Int: 17    God:
Gold:   161        SH:  0    Dex: 28    Spells: 5/12 levels left

rFire   . . .      SeeInvis .    b - +0 sling
rCold   . . .      Faith    .    (no shield)
rNeg    . . .      Spirit   .    e - +0 leather armour
rPois   +          Reflect  .    v - +0 helmet
rElec   .          Harm     .    (no cloak)
rCorr   .          Rampage  .    g - +0 pair of gloves
Will    .....                    (no boots)
Stlth   +++.......               B - amulet of magic regeneration
HPRegen 0.29/turn                C - ring "Gaaxinul" {rPois Dex+6}
MPRegen 0.54/turn                G - ring of poison resistance

@: ice-armoured, grasped by roots, freezing walls, constricted
A: high MP 1, forlorn, divine attributes
a: no special abilities


You were on level 5 of the Dungeon.
You visited 2 branches of the dungeon, and saw 6 of its levels.

You collected 161 gold pieces.

Inventory:

Hand Weapons
 a - a +0 rapier
 b - a +0 sling (weapon)
Missiles
 d - 4 javelins
 r - 3 curare-tipped darts
 s - 31 stones
 x - 7 boomerangs
 y - 2 poisoned darts
Armour
 e - a +0 leather armour (worn)
 g - a +0 pair of gloves (worn)
 v - a +0 helmet (worn)
Jewellery
 B - an amulet of magic regeneration (around neck)
 C - the ring "Gaaxinul" (left hand) {rPois Dex+6}
   (You found it on level 3 of the Dungeon)

   [ring of dexterity]

   Dex:       It affects your dexterity (+6).
   rPois:     It protects you from poison.
 G - a ring of poison resistance (right hand)
Wands
 k - a wand of flame (8)
 A - a wand of paralysis (3)
Scrolls
 c - 2 scrolls of brand weapon {unknown}
 h - 2 scrolls of magic mapping {unknown}
 m - a scroll of immolation {unknown}
 o - 2 scrolls of fear {unknown}
 p - a scroll of teleportation {unknown}
 q - a scroll of summoning {unknown}
 u - 2 scrolls of poison
 D - 2 scrolls of amnesia {unknown}
 F - a scroll of blinking
Potions
 f - a potion of brilliance
 i - 2 potions of curing
 j - a potion of magic
 n - 2 potions of resistance
 t - a potion of berserk rage
 z - a potion of might


   Skills:
 - Level 3.0 Fighting
 * Level 5.4 Ranged Weapons
 - Level 2.0 Dodging
 - Level 2.0 Stealth
 - Level 3.0 Spellcasting
 - Level 5.0 Ice Magic


You had 5 spell levels left.
You knew the following spells:

 Your Spells              Type           Power      Damage    Failure   Level
a - Freeze                Ice            76%        1d8       3%          1
o - Ozocubu's Armour      Ice            19%        N/A       10%         3
r - Frozen Ramparts       Ice            38%        1d6       10%         3

Your spell library contained the following spells:

 Spells                   Type           Power      Damage    Failure   Level
 Blink                    Tloc           4%         N/A       36%         2
 Static Discharge         Conj/Air       4%         2-3/arc   36%         2
 Gell's Gravitas          Tloc           2%         N/A       58%         3
 Teleport Other           Tloc           2%         N/A       58%         3
 Vhi's Electric Charge    Tloc/Air       4%         N/A       58%         3
 Summon Ice Beast         Ice/Summ       11%        N/A       65%         4
 Manifold Assault         Tloc           2%         N/A       94%         4
 Arcjolt                  Conj/Air       1%         1d11      100%        5
 Lightning Bolt           Conj/Air       1%         1d12      100%        5
 Dispersal                Tloc           1%         N/A       100%        6
 Ozocubu's Refrigeration  Ice            9%         4d9       100%        7
 Storm Form               Tmut/Air       1%         N/A       100%        7


Dungeon Overview and Level Annotations

Branches:
Dungeon (5/15)             Temple (1/1) D:4

Annotations:
D:3 1 runed translucent door, exclusion: door, Crazy Yiuf
D:5 Blork the orc


Innate Abilities, Weirdness & Mutations

You have an increased reservoir of magic. (+10% MP)
You shall have no god before yourself.
Your divine heritage dramatically boosts your attributes as you level up.


Message History

You shoot a sling bullet.
The sling bullet hits the ogre but does no damage.
You hear a shout!
Fire: b) +0 sling
Press: ? - help, Q - select action, (/) - cycle Shift-Dir - straight line, f/p - ogre
Aim: an ogre, wielding a +0 giant spiked club (79% to hit)
You shoot a sling bullet.
The sling bullet barely misses the ogre.
Blork the orc comes into view.
He is wielding a +0 war axe and carrying a wand of roots (8).
Fire: b) +0 sling
Press: ? - help, Q - select action, (/) - cycle Shift-Dir - straight line, f/p - ogre
Aim: an ogre, wielding a +0 giant spiked club (79% to hit)
You shoot a sling bullet. The sling bullet hits the ogre.
The ogre is lightly wounded.
The wall freezes the ogre.
Fire: b) +0 sling
Press: ? - help, Q - select action, (/) - cycle Shift-Dir - straight line, f/p - ogre
Aim: an ogre, wielding a +0 giant spiked club (moderately wounded, 79% to hit)
You shoot a sling bullet.
The sling bullet hits the ogre but does no damage.
The ogre is moderately wounded.
The wall freezes Blork the orc.
Blork the orc zaps a wand.
The roots erupt in riotous growth!
The grasping roots grab you!
The ogre is unaffected.
The grasping roots constrict you.
The wall freezes the ogre.
The ogre hits you with a +0 giant spiked club!!
Fire: b) +0 sling
Press: ? - help, Q - select action, (/) - cycle Shift-Dir - straight line, f/p - ogre
Aim: an ogre, wielding a +0 giant spiked club (heavily wounded, 79% to hit)
You shoot a sling bullet. The sling bullet hits the ogre.
The ogre is severely wounded.
A quokka comes into view.
The wall freezes Blork the orc.
Blork the orc points at you and mumbles some strange words.
The magic dart hits you but does no damage.
The grasping roots constrict you.
The wall freezes the ogre.
The ogre hits you with a +0 giant spiked club!!
Ouch! That really hurt!
You die...

########........##
.........#.......#
.#########.......#
#....####.......# .
#..#...........###
...#####..########....).#
..........#..............
.##r.o...(...####.######
......##@.###.# #.# #
...... #O.# #. # #....
#...# # ##.# #.#.# . #.
#.#.. ...# ..##.. ...##
..# .## ...... ... ..
....... .......


You could see Blork the orc, an ogre and a quokka (wandering).

Vanquished Creatures
  A water moccasin (D:5)
  4 ogres
  A necrophage (D:4)
  3 orc priests
  A hound (D:4)
  An iguana (D:4)
  7 adders
  An ufetubus (D:4)
  2 dart slugs
  20 orcs
  3 bats (D:1)
  8 endoplasms
  2 giant cockroaches
  9 goblins
  4 hobgoblins
  A quokka (D:1)
  7 ball pythons
  4 frilled lizards
  8 kobolds
  2 rats (D:3)
89 creatures vanquished.

Notes
Turn   | Place    | Note
-------+----------+-------------------------------------------
     0 | D:1      | avis the Demigod Ice Elementalist began the quest for the
                  | Orb.
     0 | D:1      | Reached XP level 1. HP: 14/14 MP: 5/5
   135 | D:1      | Reached skill level 1 in Fighting
   351 | D:1      | Reached XP level 2. HP: 23/23 MP: 4/7
  1542 | D:2      | Reached XP level 3. HP: 28/28 MP: 5/9
  1581 | D:2      | Learned a level 3 spell: Frozen Ramparts
  1585 | D:2      | Learned a level 3 spell: Ozocubu's Armour
  2557 | D:3      | Reached XP level 4. HP: 35/35 MP: 8/10
  2739 | D:3      | Found a runed translucent door.
  2740 | D:3      | Noticed Crazy Yiuf
  2804 | D:3      | Identified the ring "Gaaxinul" {rPois Dex+6}
  3282 | D:4      | Noticed a necrophage
  3285 | D:4      | Reached skill level 5 in Ice Magic
  3454 | D:4      | Reached XP level 5. HP: 34/41 MP: 8/11
  3674 | D:4      | Noticed an ogre
  3691 | D:4      | Killed an ogre
  3692 | D:4      | Reached XP level 6. HP: 24/48 MP: 10/13
  3850 | D:4      | Found a staircase to the Ecumenical Temple.
  3884 | Temple   | Entered the Ecumenical Temple
  4344 | D:5      | Entered Level 5 of the Dungeon
  4470 | D:5      | Noticed a water moccasin
  4486 | D:5      | Killed a water moccasin
  4487 | D:5      | Reached XP level 7. HP: 28/57 MP: 11/14
  4683 | D:5      | Reached skill level 5 in Ranged Weapons
  4829 | D:5      | Noticed Blork the orc
  4832 | D:5      | Mangled by an ogre

Illustrated notes

Levels and vault maps discovered:
D:1:      lordsloth_arrival_two_stooges, layout_basic,
          shapermc_ecumenical_altar_mp_highgroup
D:2:      layout_loops_corners
D:3:      layout_loops_ring, minmay_fractal_squares_5, uniq_crazy_yiuf_cottage
D:4:      layout_loops_cross, nemelex_spade_bored_becter,
          lemuel_temple_firewalk_b
D:5:      layout_rooms, marbit_many_paths, biasface_ghost_orc_armoury,
          kennysheep_crisscross, dk_rats_in_the_wall, uniq_blork_the_orc
Temple:   nicolae_temple_no_exploring_needed

Skill      XL: |  1  2  3  4  5  6  7 |
---------------+----------------------+-----
Fighting       | 1 2 3 |  3.0
Ice Magic      | 4 5 |  5.0
Spellcasting   | 2 3 |  3.0
Ranged Weapons | 3 4 5 |  5.4
Dodging        | 2 |  2.0
Stealth        | 2 |  2.0

Action                   |  1- 3 |  4- 6 |  7- 9 || total
-------------------------+-------+-------+-------++-------
Melee: Dagger            |     5 |       |       ||     5
       Rapier            |       |     6 |       ||     6
 Fire: Sling             |    21 |    88 |    39 ||   148
Throw: Stone             |     2 |       |       ||     2
 Cast: Freeze            |    53 |     3 |       ||    56
       Frozen Ramparts   |     1 |    12 |     6 ||    19
       Ozocubu's Armour  |       |     7 |     4 ||    11
  Use: Scroll            |       |     9 |       ||     9
 Stab: Sleeping          |     1 |       |       ||     1
Armor: Leather armour    |     6 |    19 |     5 ||    30
       Robe              |     1 |       |       ||     1
Dodge: Dodged            |    21 |    43 |    14 ||    78

Table legend: (Time is in decaauts)
 A = Elapsed time spent in this place.
 B = Non-inter-level travel time spent in this place.
 C = Inter-level travel time spent in this place.
 D = Time resting spent in this place.
 E = Time spent auto-exploring this place.
 F = Levels seen in this place.
 G = Mean time per level.
                   A        B        C        D        E       F      G
               +--------+--------+--------+--------+--------+-----+--------+
         Total |   4878 |   4458 |    420 |   1094 |   2196 |   6 |  813.0 |
       Dungeon |   4861 |   4441 |    420 |   1094 |   2196 |   5 |  972.2 |
        Temple |     16 |     16 |      0 |      0 |      0 |   1 |   16.0 |
               +--------+--------+--------+--------+--------+-----+--------+

Top non-repeatable levels by time:
     D:4: 1280 daAuts
     D:2: 1250 daAuts
     D:1: 1069 daAuts
     D:3: 906 daAuts
     D:5: 354 daAuts
  Temple: 16 daAuts
